 Dungeon Crawl Stone Soup version 0.21.1-1-g345015f (webtiles) character file.

98 Space the Chopper (level 4, -4/34 HPs)
             Began as a Demonspawn Gladiator on July 19, 2018.
             Slain by Crazy Yiuf
             ... wielding a +4 quarterstaff of chaos
              (14 damage)
             ... on level 3 of the Dungeon.
             The game lasted 00:11:21 (1872 turns).

Space the Chopper (Demonspawn Gladiator)            Turns: 1872, Time: 00:11:22

Health: -4/34      AC:  0    Str: 16    XL:     4   Next: 43%
Magic:  4/4        EV: 15    Int: 10    God:
Gold:   120        SH:  0    Dex: 15    Spells: 3/3 levels left

rFire    . . .     SeeInvis .   (weapon currently unavailable)
rCold    . . .     Gourm    .   (shield currently unavailable)
rNeg     . . .     Faith    .   (armour currently unavailable)
rPois    .         Spirit   .   (helmet currently unavailable)
rElec    .         Reflect  .   (cloak currently unavailable)
rCorr    .         Harm     .   (gloves currently unavailable)
MR       .....                  (boots currently unavailable)
Stlth    +.........             (no amulet)
HPRegen  0.11/turn              (ring currently unavailable)
MPRegen  0.09/turn              (ring currently unavailable)

@: lethally poisoned (-4 -> -8), pig-form (expiring), drained, very quick
A: small, strong 1, evolution 1, no potion heal 1, rot immunity
a: no special abilities


You were on level 3 of the Dungeon.
You were not hungry.
You were a filthy swine.
You visited 1 branch of the dungeon, and saw 3 of its levels.

You collected 120 gold pieces.

Inventory:

Hand Weapons
 a - a +0 war axe (melded)
Missiles
 d - 4 throwing nets (quivered)
Armour
 b - a +0 leather armour
 c - a +0 helmet (melded)
 i - a +0 plate armour (melded)
 r - a +0 pair of boots (melded)
Jewellery
 m - a ring of stealth (melded)
Scrolls
 h - 2 scrolls of teleportation
 k - a scroll of enchant weapon
 o - a scroll of magic mapping
 p - a scroll of amnesia
 q - a scroll of remove curse
Potions
 e - 2 potions of degeneration
 g - a potion of mutation
 l - a potion of flight
 n - a potion of invisibility
Comestibles
 f - 3 rations


   Skills:
 + Level 2.7(2.3) Fighting
 + Level 3.6(3.3) Axes
 - Level 1.7(1.4) Throwing
 * Level 1.3(0.9) Armour
 * Level 3.3(2.9) Dodging


You had 3 spell levels left.
You didn't know any spells.

Dungeon Overview and Level Annotations

Branches:
Dungeon (3/15)

Altars:
Elyvilon
Hepliaklqana

Annotations:
D:3 Crazy Yiuf


Innate Abilities, Weirdness & Mutations

((You are mostly covered in icy blue scales. (AC +3)))
You are immune to rotting.
Your muscles are strong. (Str +2)
You evolve.
Potions are less effective at restoring your health.


Message History

You closely miss Crazy Yiuf.
Crazy Yiuf is heavily wounded.
You feel sick. Crazy Yiuf misses you.
You completely miss Crazy Yiuf.
Crazy Yiuf is heavily wounded.
Crazy Yiuf yells, "Hah!"
Crazy Yiuf barely misses you.
You hit Crazy Yiuf.
Crazy Yiuf is severely wounded.
You feel sick.
You hit Crazy Yiuf but do no damage.
Crazy Yiuf is severely wounded.
Your transformation is almost over.
Crazy Yiuf hits you with a quarterstaff of chaos!
You feel drained.
* * * LOW HITPOINT WARNING * * *
You barely miss Crazy Yiuf.
Crazy Yiuf is severely wounded.
Crazy Yiuf hits you with a quarterstaff of chaos!
You die...

#.##..####.#
#...........
#.##..######
###.###(#
....# #.#
##### .####
#(# #)..# .#
#.#### #...#
.# #....#
#.g.# .#
#.#### #h#
.# #.# ♣.♣♣
.## #.####
♣♣.♣ ..#
#....# ♣.♣♣
#.# ######
♣♣.♣ #.#
♣♣.♣♣ #.#
♣♣PP.♣ #.#
♣P.P.♣ #.#
######
##..##


You could see Crazy Yiuf.

Vanquished Creatures
  An adder (D:2)
  2 oozes
  2 worms (D:2)
  2 dart slugs
  3 leopard geckos
  2 ball pythons
  11 bats
  4 giant cockroaches
  5 goblins
  7 hobgoblins
  A jackal (D:1)
  A frilled lizard (D:1)
  10 kobolds
  13 rats
64 creatures vanquished.

Notes
Turn   | Place    | Note
-------+----------+-------------------------------------------
     0 | D:1      | Space the Demonspawn Gladiator began the quest for the Orb.
     0 | D:1      | Reached XP level 1. HP: 16/16 MP: 1/1
   193 | D:1      | Gained mutation: You are partially covered in icy blue scales. (AC +2) [demonic ancestry]
   193 | D:1      | Reached XP level 2. HP: 22/22 MP: 2/2
   479 | D:1      | Gained mutation: You are mostly covered in icy blue scales. (AC +3) [demonic ancestry]
   479 | D:1      | Reached XP level 3. HP: 28/28 MP: 3/3
  1213 | D:2      | Reached skill level 1 in Armour
  1293 | D:2      | Gained mutation: You are immune to rotting. [demonic ancestry]
  1293 | D:2      | Reached XP level 4. HP: 32/34 MP: 4/4
  1354 | D:2      | Found a white marble altar of Elyvilon.
  1665 | D:2      | Found a hazy altar of Hepliaklqana.
  1706 | D:2      | Gained mutation: Potions are less effective at restoring your health. [potion of mutation]
  1706 | D:2      | Gained mutation: Your muscles are strong. (Str +2) [potion of mutation]
  1706 | D:2      | Gained mutation: You evolve. [potion of mutation]
  1854 | D:3      | Found a runed door.
  1858 | D:3      | Noticed Crazy Yiuf
  1872 | D:3      | Slain by Crazy Yiuf

Skill      XL: |  1  2  3 |
---------------+----------+-----
Dodging        | 3 |  3.3
Axes           | 3 |  3.6
Armour         | 1 |  1.3
Fighting       | |  2.7
Throwing       | |  1.7

Action                   |  1- 3 |  4- 6 || total
-------------------------+-------+-------++-------
Melee: War axe           |   129 |    45 ||   174
       Unarmed           |       |     9 ||     9
  Use: Scroll            |       |     9 ||     9
       Potion            |       |     1 ||     1
 Stab: Sleeping          |     1 |       ||     1
  Eat: Ration            |     1 |       ||     1
Armor: Leather armour    |     9 |       ||     9
       Plate armour      |   119 |    64 ||   183
Dodge: Dodged            |    45 |    20 ||    65
